 Dungeon Crawl Stone Soup version 0.30.1-9-gdf580d7c3d (webtiles) character file.

Game seed: 11567541575925971060

63 Peloso the Covered (level 3, 33/33 HPs)
             Began as a Minotaur Fighter on Sept 30, 2023.
             Got out of the dungeon alive.
             The game lasted 00:02:39 (1659 turns).

Peloso the Covered (Minotaur Fighter)               Turns: 1659, Time: 00:02:40

Health: 33/33      AC:  7    Str: 19    XL:     3   Next: 89%
Magic:  2/2        EV:  9    Int:  9    God:
Gold:   85         SH:  4    Dex: 10    Spells: 2/2 levels left

rFire   . . .        a - +0 long sword
rCold   . . .        c - +0 buckler
rNeg    . . .        d - +0 scale mail
rPois   .            (helmet restricted)
rElec   .            (no cloak)
rCorr   .            (no gloves)
SInv    .            (no boots)
Will    .....        (no amulet) Stlth
                     (no ring)
HPRegen 0.25/turn    (no ring)
MPRegen 0.08/turn

%: no passive effects
@: no status effects
A: horns 2, retaliatory headbutt, clever 1
a: no special abilities


You escaped.
You visited 1 branch of the dungeon, and saw 2 of its levels.

You collected 85 gold pieces.

Inventory:

Hand Weapons
 a - a +0 long sword (weapon)
Armour
 c - a +0 buckler (worn)
 d - a +0 scale mail (worn)
Magical Staves
 b - a staff of fire
Scrolls
 g - a scroll of teleportation
 i - a scroll of identify {unknown}
Potions
 e - 2 potions of curing
 h - a potion of cancellation {unknown}
 j - a potion of might


   Skills:
 + Level 4.2 Fighting
 + Level 3.2 Long Blades
 + Level 4.5 Armour
 + Level 0.1 Dodging
 + Level 4.2 Shields


You had 2 spell levels left.
You didn't know any spells.
Your spell library contained the following spells:

 Spells                   Type           Power      Damage    Failure   Level
 Necrotise                Necr           0%         1d4       82%         1
 Vampiric Draining        Necr           0%         2d6       99%         3
 Agony                    Necr           0%         N/A       100%        5


Dungeon Overview and Level Annotations

Branches:
Dungeon (2/15)

Altars:


Innate Abilities, Weirdness & Mutations

You have a pair of horns on your head.
You reflexively headbutt those who attack you in melee.
Your mind is acute. (Int +4, Str/Dex -1)


Message History

You open the door.
There is an open door here.
You see here a jackal skeleton.
Done exploring.
Done exploring.
Done exploring.
Done exploring.
Done exploring.
Search for what [? for help]? armour Unknown command.
Search for what [Enter for "armour", or ? for help]? weapon
There is a stone staircase leading up here.
You climb upwards.
There is a stone staircase leading down here.
You see here a staff of fire.
You start removing your armour.
You continue taking off your +0 scale mail. x4
You finish taking off your +0 scale mail.
You drop a +0 scale mail.
You see here a staff of fire.
b - a staff of fire You drop a potion of might.
You see here a +0 scale mail.
d - a +0 scale mail You see here a potion of might.
j - a potion of might You start putting on your armour.
You continue putting on your +0 scale mail. x4
You finish putting on your +0 scale mail.
It was a potion of mutation.
You feel extremely strange.
You feel clever.
(D) Dungeon
Where to? (Enter - D:1 @ (x,y), ? - help)
What level of the Dungeon? (default 1, ? - help)
There is a large open door here.
There is a staircase leading out of the dungeon here.
Are you sure you want to leave the Dungeon?
This will make you lose the game!
Alright, then stay!
Are you sure you want to leave the Dungeon?
This will make you lose the game!
You have escaped!

#..#.#.# ####
#.##.#.#######
#.##.#.......#
#....#######.# ######
#...#.# #..## #.#.#.#
#.#.####.#.#.#
#.#...##.#.#.#
#.#.@..#.#.#.########
#.#...#'.#...........
#.8####'.###.########
#.####.#.....#
##....######## ######


There were no monsters in sight!

Vanquished Creatures
  2 adders (D:2)
  A worm (D:2)
  A ball python (D:1)
  2 endoplasms (D:1)
  5 goblins
  4 hobgoblins (D:1)
  9 jackals
  A quokka (D:1)
  2 bats (D:1)
  5 frilled lizards
  3 kobolds (D:1)
  4 rats (D:1)
39 creatures vanquished.

Notes
Turn   | Place    | Note
-------+----------+-------------------------------------------
     0 | D:1      | Peloso the Minotaur Fighter began the quest for the Orb.
     0 | D:1      | Reached XP level 1. HP: 19/19 MP: 0/0
   185 | D:1      | Reached XP level 2. HP: 27/27 MP: 1/1
   708 | D:1      | Reached XP level 3. HP: 31/33 MP: 2/2
  1585 | D:1      | Gained mutation: Your mind is acute. (Int +4, Str/Dex -1)
                  | [potion of mutation]
  1659 | D:$      | Got out of the dungeon alive.

Illustrated notes

Levels and vault maps discovered:
D:1:      saegor_arrival_simple_e, layout_basic
D:2:      layout_basic

Skill      XL: |  1  2  3 |
---------------+----------+-----
Shields        | 4 |  4.2
Armour         | 4 |  4.5
Fighting       | 4 |  4.2
Long Blades    | 3 |  3.2
Dodging        | |  0.1

Action                     || total
---------------------------++-------
  Melee: Long sword        ||    89
         Headbutt          ||    11
    Use: Scroll            ||     2
         Potion            ||     2
 Armour: Scale mail        ||    54
  Dodge: Dodged            ||    54
  Block: Buckler           ||    21
